 Dungeon Sprint DCSS version 0.28.0-53-g5a82cb258f (webtiles) character file.

Game seed: 4688801418227736006

673 Revguard the Cleaver (level 7, -1/68 HPs)
             Began as a Hill Orc Fighter on Aug 25, 2022.
             Was a Believer of Beogh.
             Slain by a fire elemental (12 damage)
             ... summoned by a deep elf pyromancer
             ... in the Dungeon (Sprint V: "Ziggurat Sprint").
             The game lasted 00:02:36 (200 turns).

Revguard the Cleaver (Hill Orc Fighter)              Turns: 200, Time: 00:02:37

Health: -1/68      AC: 28    Str: 19    XL:     7   Next: 59%
Magic:  12/12      EV: 10    Int:  8    God:    Beogh [**....]
Gold:   0          SH: 29    Dex: 18    Spells: 6/6 levels left

rFire   . . .      SeeInvis +   F - +14 obsidian axe {vorpal, Mesm Drain Fly SInv}
rCold   . . .      Faith    .   E - +18 shield of the Gong {rElec rN+ Will+ EV-5}
rNeg    + . .      Spirit   .   D - +15 Maxwell's patent armour {-Cast -Tele rElec Will+ rCorr}
rPois   .          Reflect  .   (no helmet)
rElec   +          Harm     .   (no cloak)
rCorr   +          Rampage  .   (no gloves)
Will    ++...      NoTele   +   (no boots)
Stlth   .......... NoCast   +   (no amulet)
HPRegen 0.21/turn               u - +6 ring of dexterity
MPRegen 0.13/turn               a - ring of the Hare {EV+8}

@: lethally poisoned (-1 -> -45), flying, mesmerised
A: no striking features
a: Renounce Religion, Smiting


You were in the Dungeon.
You worshipped Beogh.
Beogh was pleased with you.
You visited 1 branch

Inventory:

Hand Weapons
 F - the +14 obsidian axe (weapon) {vorpal, Mesm Drain Fly SInv}
   (You found it in the Dungeon)

   It inflicts extra damage upon your enemies.
   It occasionally summons demons to assist the wielder when it strikes in
   combat.
   Its wielder is mesmerised by any visible foes.
   It cannot be unequipped while any foes are visible.
   SInv:      It lets you see invisible.
   Fly:       It grants you flight.
   Drain:     It drains your maximum health when unequipped.
Armour
 D - the +15 Maxwell's patent armour (worn) {-Cast -Tele rElec Will+ rCorr}
   (You found it in the Dungeon)

   rElec:     It insulates you from electricity.
   -Cast:     It prevents spellcasting.
   -Tele:     It prevents most forms of teleportation.
   rCorr:     It protects you from acid and corrosion.
   Will:      It increases your willpower.
 E - the +18 shield of the Gong (worn) {rElec rN+ Will+ EV-5}
   (You found it in the Dungeon)

   It is deafeningly noisy when blocking attacks.
   EV:        It affects your evasion (-5).
   rElec:     It insulates you from electricity.
   rN:        It protects you from negative energy.
   Will:      It increases your willpower.
Jewellery
 a - the ring of the Hare (right hand) {EV+8}
   (You found it in the Dungeon)

   [ring of evasion]

   EV:        It affects your evasion (+8).
 t - a ring of flight
 u - a +6 ring of dexterity (left hand)
 v - a +6 ring of dexterity
 w - a +6 ring of intelligence
 x - a +6 ring of intelligence
 y - a +6 ring of strength
 z - a +6 ring of strength
Wands
 A - a wand of mindburst (7)
 B - a wand of iceblast (7)
 C - a wand of acid (7)
Scrolls
 j - 4 scrolls of blinking
 o - 4 scrolls of amnesia
 p - 7 scrolls of fog
 q - a scroll of holy word
 r - 5 scrolls of identify
 s - 2 scrolls of fear
Potions
 d - 6 potions of might
 e - 10 potions of curing
 f - 10 potions of heal wounds
 g - 6 potions of haste
 h - 7 potions of magic
 i - 3 potions of berserk rage
 k - 2 potions of brilliance
 l - 2 potions of invisibility
 m - 4 potions of resistance


   Skills:
 + Level 8.3 Fighting
 + Level 8.5 Axes
 + Level 7.5 Armour
 + Level 5.0 Dodging
 + Level 7.6 Shields
 + Level 7.9 Invocations
 + Level 6.1 Evocations


You had 6 spell levels left.
You didn't know any spells.
Your spell library contained the following spells:

 Spells                   Type           Power      Damage    Failure   Level
 Tukima's Dance           Hex            0%         N/A       100%        3
 Passage of Golubria      Tloc           0%         N/A       100%        4
 Summon Forest            Summ/Tloc      0%         N/A       100%        5
 Yara's Violent Unravell  Hex/Tmut       0%         3d3       100%        5
 Eringya's Noxious Bog    Tmut/Pois      0%         N/A       100%        6
 Summon Hydra             Summ           0%         N/A       100%        7


Dungeon Overview and Level Annotations

Branches:
Dungeon (1/1)

Altars:
Ashenzari
Cheibriados
Dithmenos
Elyvilon
Fedhas
Gozag
Hepliaklqana
Kikubaaqudgha
Makhleb
Nemelex Xobeh
Okawaru
Qazlal
Ru
Sif Muna
Trog
Uskayaw
Vehumet
Wu Jian
Xom
Yredelemnul
Zin
The Shining One
Beogh
Jiyva
Lugonu

Annotations:
D 1 transporter


Message History

The +6 battleaxe of venom hits your soul eater.
Your soul eater is poisoned.
You miss the +6 battleaxe of venom.
The +6 battleaxe of venom is heavily damaged.
You closely miss the deep elf pyromancer.
You closely miss the fire elemental. You hit the deep elf zephyrmancer.
Visions of slaying the deep elf zephyrmancer flood into your mind.
You feel sick.
The deep elf pyromancer gestures wildly while chanting.
The deep elf pyromancer blinks!
You block the deep elf zephyrmancer's attack.
SHROANNG!
You block the fire elemental's attack.
GONNNNG!
You block the +6 battleaxe of venom's attack.
PTOANNNG!
The +6 battleaxe of venom hits your soul eater but does no damage.
Your soul eater looks even sicker.
Your soul eater hits the +6 battleaxe of venom!
You closely miss the +6 battleaxe of venom.
The +6 battleaxe of venom is almost destroyed.
You slash the deep elf zephyrmancer!
You hit the fire elemental but do no damage.
You barely miss the +3 long sword of holy wrath.
Visions of slaying the fire elemental flood into your mind.
You feel sick.
You block the +3 long sword of holy wrath's attack.
GONNNNG!
You block the fire elemental's attack.
GONNNNG!
The deep elf zephyrmancer gestures wildly while chanting.
The deep elf zephyrmancer blinks!
The +6 battleaxe of venom hits you!!
* * * LOW HITPOINT WARNING * * *
You are lethally poisoned!
The +6 battleaxe of venom hits your soul eater!
Your soul eater looks as sick as possible!
Your soul eater hits the +6 battleaxe of venom but does no damage.
The +3 long sword of holy wrath barely misses you.
The fire elemental hits you. The fire elemental burns you!
You die...

▓.....▓.....▓..©..▓
▓..©..▓..©..▓▓▓▓▓▓▓
▓▓▓▓▓▓▓▓▓▓▓▓▓▓
▓..8©8...▓
▓..)e}...▓
▓..."....▓
▓........▓
▓e☼((§...▓
▓.▓E@3.▓.▓
▓...E....▓
▓▓▓▓▓▓▓▓▓▓


You could see a deep elf pyromancer, a deep elf zephyrmancer, 2 fire elementals,
2 dancing weapons and a friendly soul eater (summoned, extremely poisoned).

Vanquished Creatures
  A yak (D)
  A black bear (D)
  An ice beast (D)
  4 wolves (D)
  A white imp (D)
  An adder simulacrum (D)
9 creatures vanquished.

Notes
Turn   | Place    | Note
-------+----------+-------------------------------------------
     0 | D        | Revguard the Hill Orc Fighter began the quest for the Orb.
     0 | D        | Reached XP level 1. HP: 19/19 MP: 1/1
     0 | D        | Found a shimmering blue altar of Sif Muna.
     0 | D        | Found a bloodstained altar of Trog.
     0 | D        | Found a sacrificial altar of Ru.
     0 | D        | Found a stormy altar of Qazlal.
     0 | D        | Found an iron altar of Okawaru.
     1 | D        | Found a sparkling altar of Nemelex Xobeh.
     1 | D        | Found a blossoming altar of Fedhas.
     1 | D        | Found the +6 Majin-Bo {vamp, MP+6 Int+6}
     1 | D        | Found the +9 heavy crossbow "Sniper" {vorpal, Acc+∞ SInv}
     1 | D        | Found the +10 dark maul {vorpal}
     1 | D        | Found the +15 Maxwell's patent armour {-Cast -Tele rElec
                  | Will+ rCorr}
     1 | D        | Found the +18 shield of the Gong {rElec rN+ Will+ EV-5}
     1 | D        | Found the +14 obsidian axe {vorpal, Mesm Drain Fly SInv}
     1 | D        | Found the +7 great mace "Firestarter" {inner flame, rF++}
     1 | D        | Found the +6 shillelagh "Devastator" {shatter}
     1 | D        | Found the +11 plutonium sword {Contam Stlth-}
     1 | D        | Found the +8 lance "Wyrmbane" {slay drac, rPois rF+ rC+
                  | AC+3}
     1 | D        | Found the +9 sword of Zonguldrok {reap}
     1 | D        | Found the +13 scythe of Curses {drain, Drain}
     1 | D        | Found the +5 sword of Power {vorpal}
     1 | D        | Found the +7 mace of Variability {chain chaos}
     1 | D        | Found the +7 Singing Sword {vorpal, sonic wave}
     1 | D        | Found the +8 storm bow {elec, penet}
     3 | D        | Found a transporter.
     3 | D        | Found an ancient bone altar of Kikubaaqudgha.
     3 | D        | Found a viscous altar of Jiyva.
     3 | D        | Found a corrupted altar of Lugonu.
     3 | D        | Found a hazy altar of Hepliaklqana.
     3 | D        | Found a burning altar of Makhleb.
     3 | D        | Found an opulent altar of Gozag.
    39 | D        | Became a worshipper of Beogh the Brigand
    73 | D        | Reached XP level 2. HP: 28/28 MP: 1/4
   110 | D        | Entered arena 2.
   110 | D        | Noticed a wolf
   110 | D        | Noticed a yak
   110 | D        | Found a transporter.
   111 | D        | Killed a wolf
   112 | D        | Reached skill level 5 in Fighting
   112 | D        | Reached skill level 5 in Axes
   112 | D        | Reached skill level 5 in Armour
   112 | D        | Reached skill level 5 in Shields
   112 | D        | Reached XP level 3. HP: 37/37 MP: 4/6
   112 | D        | Reached XP level 4. HP: 44/44 MP: 4/7
   115 | D        | Killed a yak
   116 | D        | Reached XP level 5. HP: 51/51 MP: 4/9
   116 | D        | Reached XP level 6. HP: 58/58 MP: 4/10
   163 | D        | Entered arena 3.
   163 | D        | Noticed an ice beast
   163 | D        | Found a transporter.
   166 | D        | Reached * piety under Beogh
   171 | D        | Killed an ice beast
   172 | D        | Reached skill level 5 in Evocations
   176 | D        | Entered arena 4.
   176 | D        | Found the ring of the Hare {EV+8}
   176 | D        | Noticed a black bear
   176 | D        | Found a transporter.
   179 | D        | Reached ** piety under Beogh
   180 | D        | Reached XP level 7. HP: 67/67 MP: 12/12
   184 | D        | Reached skill level 5 in Dodging
   194 | D        | Entered arena 5.
   194 | D        | Noticed a +6 battleaxe of venom
   194 | D        | Noticed a +3 long sword of holy wrath
   194 | D        | Noticed a deep elf zephyrmancer
   194 | D        | Noticed a deep elf pyromancer
   194 | D        | Found a transporter.
   199 | D        | Noticed a fire elemental
   199 | D        | Noticed a fire elemental
   200 | D        | Slain by a fire elemental

Illustrated notes

Levels and vault maps discovered:
D:        sprint_v [room_start, room_1, room_2, room_3, room_4, room_5, room_6,
          room_7, room_8, room_9, room_10, room_11, room_12, room_13, room_14,
          room_15, room_16, room_17, room_18, room_19, room_20, room_21,
          room_22, room_23, room_24, room_25, room_26, room_27]

Skill      XL: |  1  2  3  4  5  6  7 |
---------------+----------------------+-----
Fighting       | 4 5 6 7 8 |  8.3
Axes           | 4 5 6 8 |  8.5
Armour         | 4 5 6 7 |  7.5
Dodging        | 2 3 4 5 |  5.0
Shields        | 4 5 6 7 |  7.6
Invocations    | 3 4 6 7 |  7.9
Evocations     | 2 3 4 5 6 |  6.1

Action                   |  1- 3 |  4- 6 |  7- 9 || total
-------------------------+-------+-------+-------++-------
Melee: Broad axe         |     1 |    12 |     9 ||    22
  Use: Potion            |     1 |       |       ||     1
Armor: Plate armour      |       |     9 |     9 ||    18
Dodge: Dodged            |       |     1 |     1 ||     2
Block: Kite shield       |     1 |    17 |    17 ||    35
